 Dungeon Crawl Stone Soup version 0.31-a0-233-g139696dc86 (webtiles) character file.

Game seed: 13696664206735518110

365 Decritt the Firebug (level 6, -5/52 HPs)
             Began as a Draconian Fire Elementalist on July 8, 2023.
             Shot with an arrow by a centaur (6 damage)
             ... on level 4 of the Dungeon.
             The game lasted 00:09:32 (3964 turns).

Decritt the Firebug (Draconian Fire Elementalist)   Turns: 3964, Time: 00:09:33

Health: -5/52      AC:  7    Str: 10    XL:     6   Next: 40%
Magic:  6/10       EV: 12    Int: 18    God:
Gold:   179        SH:  0    Dex: 11    Spells: 5/11 levels left

rFire   . . .        e - +4 short sword "Liama" {spect, Fly rCorr Stlth+}
rCold   . . .        (no shield)
rNeg    . . .        (body armour unavailable)
rPois   .            (helmet restricted)
rElec   .            l - +0 cloak
rCorr   +            (no gloves)
SInv    .            (no boots)
Will    .....        k - amulet of the acrobat
Stlth   +++          (no ring)
HPRegen 0.28/turn    (no ring)
MPRegen 0.12/turn

%: acrobat
@: flying
A: AC +6, unfitting armour, cold-blooded
a: no special abilities


You were on level 4 of the Dungeon.
You visited 1 branch of the dungeon, and saw 4 of its levels.

You collected 179 gold pieces.

Inventory:

Hand Weapons
 d - a +0 mace
 e - the +4 short sword "Liama" (weapon) {spect, Fly rCorr Stlth+}
   (You found it on level 3 of the Dungeon)

   Fly:       It grants you flight.
   rCorr:     It protects you from acid and corrosion.
   Stlth:     It makes you more stealthy.
 f - a +0 heavy sling
Armour
 l - a +0 cloak (worn)
Jewellery
 c - an amulet of guardian spirit
 k - an amulet of the acrobat (around neck)
Scrolls
 b - a scroll of revelation
 m - a scroll of amnesia
 r - a scroll of identify
Potions
 a - a potion of magic
 h - 2 potions of curing
 i - a potion of brilliance {unknown}
 j - a potion of lignification
 n - 3 potions of mutation


   Skills:
 * Level 3.7 Fighting
 - Level 1.7 Dodging
 - Level 1.7 Stealth
 * Level 3.3 Spellcasting
 + Level 2.6 Conjurations
 + Level 1.9 Hexes
 * Level 4.1 Fire Magic


You had 5 spell levels left.
You knew the following spells:

 Your Spells              Type           Power      Damage    Failure   Level
a - Foxfire               Conj/Fire      60%        2x1d7     4%          1
b - Scorch                Fire           34%        2d6       4%          2
c - Inner Flame           Hex/Fire       13%        N/A       14%         3

Your spell library contained the following spells:

 Spells                   Type           Power      Damage    Failure   Level
 Volatile Blastmotes      Fire/Tloc      20%        2d11      21%         3
 Flame Wave               Conj/Fire      15%        2d7       36%         4


Dungeon Overview and Level Annotations

Branches:
Dungeon (4/15)
 Temple: D:4-7

Altars:
Vehumet

Annotations:
D:4 Ijyb


Innate Abilities, Weirdness & Mutations

Your plain brown scales are hard. (AC +6)
You cannot fit into any form of body armour.
You are cold-blooded and may be slowed by cold attacks.


Message History

Your +4 short sword "Liama" {spect, Fly rCorr Stlth+} hits the orc.
The orc priest invokes the aid of Beogh against you.
Beogh smites you! The orc barely misses you.
The orc closely misses your +4 short sword "Liama" {spect, Fly rCorr Stlth+}.
You hit the orc. You tail-slap the orc.
You kill the orc!
Your +4 short sword "Liama" {spect, Fly rCorr Stlth+} disappears.
The orc priest calls down the wrath of Beogh upon you.
Beogh smites you!
* * * LOW HITPOINT WARNING * * *
You hit the orc.
The orc is moderately wounded.
Your +4 short sword "Liama" {spect, Fly rCorr Stlth+} hits the orc but does no damage.
The orc misses your +4 short sword "Liama" {spect, Fly rCorr Stlth+}.
The orc priest mumbles some strange prayers to Beogh against you.
Beogh smites you!
* * * LOW HITPOINT WARNING * * *
As you read the scroll of teleportation, it crumbles to dust.
You feel strangely unstable.
Your +4 short sword "Liama" {spect, Fly rCorr Stlth+} disappears.
The orc priest misses you. The orc hits you but does no damage.
The orc attacks as you move away! The orc completely misses you.
Your surroundings suddenly seem different.
Ijyb, a kobold and a scorpion come into view.
Ijyb is wielding a +0 club and carrying a wand of paralysis (12).
Found a scroll of amnesia and 8 gold pieces.
The kobold shouts!
Ijyb moves out of view.
The kobold moves out of view.
As you read the scroll of teleportation, it crumbles to dust.
You feel strangely unstable. The kobold barely misses you.
Your surroundings suddenly seem different.
The centaur shouts!
The centaur shoots an arrow.
The arrow misses you.
The centaur shoots an arrow.
The arrow hits you!
* * * LOW HITPOINT WARNING * * *
The arrow burns you.
* * * LOW HITPOINT WARNING * * *
There is a stone staircase leading up here.
The centaur shoots an arrow.
The arrow hits you.
You die...

##.c)...####.## ...
....##.#..## .. .##
.# #.#...##.. #
..##........... #.
#..#........... ..
...#......... # #.
.#.##.....##. # #.
.##........... #
...##.##..#.@.......
.........#..........
#........c..........
......##............
#..... ###..........
#.... ...........
#.... .......##...
##.. ........# #.#
##. #.........


You could see a centaur.

Vanquished Creatures
  A centaur (D:3)
  An orc priest (D:3)
  2 orc wizards
  Robin (D:4)
  7 adders
  5 worms
  A dart slug (D:3)
  19 orcs
  5 ball pythons
  4 bats
  4 endoplasms
  3 giant cockroaches
  20 goblins
  6 hobgoblins
  4 kobolds
  3 quokkas
  4 frilled lizards
  6 rats
96 creatures vanquished.

Vanquished Creatures (others)
  48 foxfires
48 creatures vanquished.

Grand Total: 144 creatures vanquished

Notes
Turn   | Place    | Note
-------+----------+-------------------------------------------
     0 | D:1      | Decritt the Draconian Fire Elementalist began the quest for
                  | the Orb.
     0 | D:1      | Reached XP level 1. HP: 14/14 MP: 3/3
   277 | D:1      | Reached XP level 2. HP: 21/22 MP: 5/5
   289 | D:1      | Reached skill level 1 in Fighting
   770 | D:2      | Reached XP level 3. HP: 25/29 MP: 3/6
  1127 | D:2      | Reached skill level 1 in Hexes
  1242 | D:2      | Reached XP level 4. HP: 11/36 MP: 3/7
  1950 | D:3      | Found a radiant altar of Vehumet.
  2312 | D:3      | Reached XP level 5. HP: 44/44 MP: 8/8
  2389 | D:3      | Identified the +4 short sword "Liama" {spect, Fly rCorr
                  | Stlth+}
  2941 | D:4      | Noticed a centaur
  2949 | D:4      | Noticed a centaur
  3137 | D:3      | Killed a centaur
  3138 | D:3      | Reached XP level 6. HP: 45/51 MP: 10/10
  3504 | D:4      | Noticed Robin
  3663 | D:3      | Reached skill level 4 in Fire Magic
  3795 | D:3      | Learned a level 2 spell: Scorch
  3800 | D:3      | Learned a level 3 spell: Inner Flame
  3886 | D:4      | Killed Robin
  3952 | D:4      | Noticed Ijyb
  3963 | D:4      | HP: 1/52 [centaur/arrow (5)]
  3964 | D:4      | Shot with an arrow by a centaur

Illustrated notes

Levels and vault maps discovered:
D:1:      dpeg_arrival_shelter, layout_loops_ring, serial_glass,
          glass_columns_b, glass_columns_a
D:2:      layout_basic, minmay_distorted
D:3:      layout_loops_corners, mainiacjoe_overflow_paths
D:4:      layout_cave_pools, minmay_manual_mares, uniq_edmund, uniq_ijyb,
          uniq_robin

Skill      XL: |  1  2  3  4  5  6 |
---------------+-------------------+-----
Fighting       | 1 2 3 |  3.7
Hexes          | 1 |  1.9
Conjurations   | 2 |  2.6
Spellcasting   | 3 |  3.3
Fire Magic     | 4 |  4.1
Dodging        | |  1.7
Stealth        | |  1.7

Action                     |  1- 3 |  4- 6 || total
---------------------------+-------+-------++-------
  Melee: Mace              |     6 |       ||     6
         Short sword       |       |    87 ||    87
         Tailslap          |       |    15 ||    15
         Punch             |       |     1 ||     1
   Fire: Sling             |   118 |    42 ||   160
   Cast: Foxfire           |    18 |     8 ||    26
         Scorch            |       |     3 ||     3
    Use: Scroll            |     7 |     6 ||    13
   Stab: Sleeping          |       |     3 ||     3
         Distracted        |       |     1 ||     1
 Armour: Skin              |    41 |    58 ||    99
  Dodge: Dodged            |    92 |   134 ||   226

Table legend: (Time is in decaauts)
 A = Elapsed time spent in this place.
 B = Non-inter-level travel time spent in this place.
 C = Inter-level travel time spent in this place.
 D = Time resting spent in this place.
 E = Time spent auto-exploring this place.
 F = Levels seen in this place.
 G = Mean time per level.
                   A        B        C        D        E       F      G
               +--------+--------+--------+--------+--------+-----+--------+
         Total |   4075 |   3943 |    132 |   1036 |   2116 |   4 | 1018.8 |
       Dungeon |   4075 |   3943 |    132 |   1036 |   2116 |   4 | 1018.8 |
               +--------+--------+--------+--------+--------+-----+--------+

Top non-repeatable levels by time:
     D:3: 2189 daAuts
     D:2: 1031 daAuts
     D:1: 700 daAuts
     D:4: 154 daAuts
